 Dungeon Crawl Stone Soup version 0.10.4 character file.

2804 maraks the Covered (level 9, -2/75 HPs)
             Began as a Minotaur Fighter on Mar 19, 2020.
             Was a Follower of Makhleb.
             Slain by an ice devil (31 damage)
             ... summoned by an orc sorcerer
             ... on Level 7 of the Dungeon.
             The game lasted 00:22:28 (6130 turns).

maraks the Covered (Minotaur Fighter)               Turns: 6130, Time: 00:22:28

HP  -2/75        AC 15     Str 25      XL: 9   Next: 35%
MP   3/3         EV  5     Int  3 (5)  God: Makhleb [*.....]
Gold 377         SH 21     Dex  9      Spells:  0 memorised,  8 levels left

Res.Fire  : . . .   See Invis. : .   v - +0 war axe
Res.Cold  : . . .   Warding    : . . j - +3 chain mail
Life Prot.: . . .   Conserve   : .   c - +0 shield
Res.Acid. : . . .   Res.Corr.  : .   (helmet restricted)
Res.Poison: .       Clarity    : .   g - +0 elf cloak
Res.Elec. : .       Spirit.Shd : .   b - +1 pair of gauntlets
Sust.Abil.: . .     Stasis     : .   (no boots)
Res.Mut.  : .       Ctrl.Telep.: .   t - amulet of rage
Res.Rott. : .       Levitation : .   (no ring)
Saprovore : . . .   Ctrl.Flight: .   (no ring)

@: exhausted, slowed, very slow, slightly resistant to hostile enchantments,
extremely unstealthy
A: retaliatory headbutt, horns 2
a: Renounce Religion, Evoke Berserk Rage


You were on level 7 of the Dungeon.
You worshipped Makhleb.
Makhleb was most pleased with you.
You were not hungry.

You visited 2 branches of the dungeon, and saw 8 of its levels.

You collected 357 gold pieces.

Inventory:

Hand weapons
 f - a cursed +0,+0 spear
 p - a +1,+2 hand axe
 r - the +5,+4 sabre of Prirchuung {drain, -TELE rPois rC++ Dex+2 Stlth++}
   (You found it on level 6 of the Dungeon)

   A truly terrible weapon, it drains the life of those it strikes.
   It affects your dexterity (+2).
   It greatly protects you from cold.
   It protects you from poison.
   It prevents most forms of teleportation.
   It makes you much more stealthy.
 v - a +0,+0 war axe (weapon)
 w - a +0,+0 orcish hand axe (quivered)
 z - a +0,+0 orcish hand axe
 A - a +0,+1 orcish hand axe
Missiles
 h - a silver +0 dart
 s - 14 +0 darts of dispersal
 C - 7 steel +0 javelins
Armour
 b - a +1 pair of gauntlets (worn)
 c - a +0 shield (worn)
 g - a +0 elven cloak (worn)
 j - a +3 chain mail (worn)
Magical devices
 F - a wand of paralysis (11) {unknown}
Comestibles
 d - 3 bread rations
 m - 2 meat rations
Scrolls
 i - 4 scrolls of detect curse
 k - 4 scrolls of remove curse
 o - 3 scrolls of teleportation
 y - a scroll of identify
Jewellery
 t - an amulet of rage (around neck)
Potions
 a - a potion of paralysis {unknown}
 e - 2 potions of might
 l - a potion of confusion {unknown}
 n - 3 potions of heal wounds {unknown}
 q - a potion of invisibility {unknown}
 u - a potion of berserk rage {unknown}
 x - a potion of curing {unknown}
 B - a potion of restore abilities {unknown}
 D - a potion of poison {unknown}
 E - a potion of agility {unknown}
 H - a potion of mutation {unknown}
Books
 G - a book of Stalking

   Spells                             Type                      Level
   Fulsome Distillation               Transmutation/Necromancy     1
   Evaporate                          Fire/Transmutation           2
   Passwall                           Transmutation/Earth          3
   Petrify                            Transmutation/Earth          4
   Dig                                Transmutation/Earth          4


   Skills:
 + Level 6.3 Fighting
 + Level 5.7 Axes
 + Level 4.4 Throwing
 + Level 6.6 Armour
 + Level 4.4 Dodging
 + Level 6.4 Shields
 + Level 3.0 Traps & Doors
 + Level 3.2 Evocations


You had 8 spell levels left.
You didn't know any spells.

Dungeon Overview and Level Annotations

Branches:
Dungeon (7/27)             Temple (1/1) D:5             Orc (0/4) D:7

Altars:
Ashenzari
Cheibriados
Elyvilon
Fedhas
Kikubaaqudgha
Makhleb
Nemelex Xobeh
Okawaru
Sif Muna
The Shining One
Trog
Xom
Yredelemnul
Zin


Innate Abilities, Weirdness & Mutations

You reflexively headbutt those who attack you in melee.
You have a pair of horns on your head.


Message History

The crimson imp disappears in a puff of smoke!
The crimson imp blinks!
You barely miss the orc sorcerer.
The orc sorcerer is almost dead.
The ice devil hits you but does no damage.
The orc sorcerer completely misses you.
The orc sorcerer hits you but does no damage.
The quasit disappears in a puff of smoke!
You block the midge's attack.
You hit the orc sorcerer. You headbutt the orc sorcerer.
You kill the orc sorcerer!
Makhleb accepts your kill.
Your Traps & Doors skill increases to level 3!
Your Evocations skill increases to level 3!
The ice devil hits you. The ice devil freezes you! The ice devil hits you.
The ice devil freezes you!
The midge disappears in a puff of smoke!
You hit the ice devil but do no damage. The ice devil hits you.
The ice devil freezes you!
You die...

#..........########
#..........#...#...
#.......#..#.#.#.#. #
######.##..#.#.#.#.
#.#.######.###.#.#.#.#.
#.#............#.#.#.#.
#.#<......[###.#.#.#.#.
######.############%#.#.#.#.
.........zzZ@3..^......#...#.
........z.Z§########.########
........zzzz# #.........
..........zZz# ####.....#
#####..5##### #.....#
#..o.8..zZ# #.....#
#...z.Zzz.# ###.#..
#...z4Z.z.# #.#.. #....z....#
#.#..


You could see an ice devil, an ogre zombie, 2 troll zombies, a crimson imp, a
hobgoblin zombie, 7 orc zombies and an orc skeleton.

Vanquished Creatures
  An orc sorcerer (D:7)
  Grinder (D:3)
  A hungry ghost (D:7)
  2 sky beasts (D:5)
  An orc warrior (D:6)
  3 ogres
  A troll zombie (D:7)
  An ice beast (D:5)
  A phantom (D:7)
  2 centaurs
  A rotting devil (D:7)
  A water moccasin zombie (D:7)
  4 hounds
  A crimson imp (D:6)
  An orc priest (D:5)
  3 orc wizards
  A worker ant (D:6)
  An iguana (D:7)
  A worker ant zombie (D:5)
  A worm zombie (D:7)
  Jessica (D:3)
  A mummy (D:7)
  4 gnolls
  5 adders
  A giant mite (D:2)
  A worm (D:5)
  3 giant geckos
  13 orcs
  16 hobgoblins
  3 quokkas
  13 bats
  3 giant cockroaches
  8 giant newts
  16 goblins
  A hobgoblin skeleton (D:5)
  2 hobgoblin zombies (D:7)
  11 kobolds
  5 orc zombies (D:7)
  12 rats
  A rat zombie (D:5)
  A toadstool (D:2)
150 creatures vanquished.

Notes
Turn   | Place    | Note
--------------------------------------------------------------
     0 | D:1      | maraks, the Minotaur Fighter, began the quest for the Orb.
     0 | D:1      | Reached XP level 1. HP: 19/19 MP: 0/0
   343 | D:1      | Reached XP level 2. HP: 26/26 MP: 0/0
   354 | D:1      | Reached skill level 4 in Fighting
   354 | D:1      | Reached skill level 1 in Throwing
   624 | D:1      | Reached XP level 3. HP: 33/33 MP: 1/1
   885 | D:1      | Reached skill level 1 in Dodging
  1405 | D:2      | Found a shimmering altar of Xom.
  1612 | D:2      | Reached XP level 4. HP: 40/40 MP: 1/1
  1658 | D:2      | Found a basalt altar of Yredelemnul.
  1923 | D:3      | Found a sparkling altar of Nemelex Xobeh.
  2287 | D:3      | Noticed Grinder
  2307 | D:3      | Killed Grinder
  2307 | D:3      | Reached XP level 5. HP: 28/47 MP: 1/1
  2307 | D:3      | Reached XP level 6. HP: 31/53 MP: 2/2
  2438 | D:3      | Noticed Jessica
  2445 | D:3      | Killed Jessica
  2687 | D:4      | Reached skill level 5 in Fighting
  2789 | D:4      | Reached skill level 5 in Armour
  2869 | D:4      | Reached skill level 1 in Evocations
  3151 | D:4      | Found a bloodstained altar of Trog.
  3319 | D:5      | Entered Level 5 of the Dungeon
  3338 | D:5      | Reached skill level 5 in Shields
  3497 | D:5      | Reached XP level 7. HP: 44/60 MP: 2/2
  3768 | D:5      | Reached skill level 1 in Traps & Doors
  3778 | D:5      | Found a staircase to the Ecumenical Temple.
  4302 | D:5      | Reached XP level 8. HP: 68/68 MP: 2/2
  4790 | Temple   | Entered the Ecumenical Temple
  4870 | Temple   | Became a worshipper of Makhleb the Destroyer
  5037 | D:6      | Got a faintly glowing sabre
  5056 | D:6      | Reached skill level 5 in Axes
  5265 | D:6      | Acquired Makhleb's first power
  5407 | D:6      | Reached skill level 6 in Armour
  5762 | D:7      | Identified the +5,+4 sabre of Prirchuung (You found it on level 6 of the Dungeon)
  5996 | D:7      | Found a deep blue altar of Sif Muna.
  6066 | D:7      | Noticed a troll zombie
  6067 | D:7      | Noticed an ogre zombie
  6067 | D:7      | Noticed an ogre zombie
  6068 | D:7      | Found a staircase to the Orcish Mines.
  6068 | D:7      | Noticed a troll zombie
  6068 | D:7      | Noticed an orc sorcerer
  6068 | D:7      | Noticed a troll zombie
  6068 | D:7      | Noticed an ogre zombie
  6110 | D:7      | Reached XP level 9. HP: 74/74 MP: 3/3
  6115 | D:7      | Killed a troll zombie
  6129 | D:7      | Killed an orc sorcerer
  6130 | D:7      | Slain by an ice devil
